 Dungeon Crawl Stone Soup version 0.30.0-10-gfe55d96785 (webtiles) character file.

Game seed: 6796567138951990415

121 booth the Conjurer (level 4, 0/27 (34) HPs)
             Began as a Demonspawn Reaver on May 15, 2023.
             Killed from afar by Jessica (10 damage)
             ... with a bolt of light
             ... on level 3 of the Dungeon.
             The game lasted 00:16:35 (2032 turns).

booth the Conjurer (Demonspawn Reaver)              Turns: 2032, Time: 00:16:36

HP:   0/27 (34)     AC:  9    Str: 14    XL:     4   Next: 76%
MP:   6/7           EV: 12    Int: 14    God:
Gold: 153           SH:  0    Dex: 12    Spells: 3/7 levels left

rFire   . . .        g - +2 dagger (protect)
rCold   + . .        (no shield)
rNeg    . . .        f - +1 robe {rC+}
rPois   .            (no helmet)
rElec   .            (no cloak)
rCorr   .            (no gloves)
SInv    .            (no boots)
Will    .....        (no amulet)
Stlth   +            c - +4 ring of protection
HPRegen 0.24/turn    (no ring)
MPRegen 0.10/turn

%: no passive effects
@: heavily drained
A: yellow scales 1
a: no special abilities


You were on level 3 of the Dungeon.
You visited 1 branch of the dungeon, and saw 3 of its levels.

You collected 153 gold pieces.

Inventory:

Hand Weapons
 a - a +0 hand axe
 g - a +2 dagger of protection (weapon)
 j - a +0 war axe
 m - a +0 mace
Missiles
 d - a poisoned dart (quivered)
Armour
 b - a +0 leather armour
 f - a +1 robe of cold resistance (worn)
Jewellery
 c - a +4 ring of protection (left hand)
Scrolls
 h - 3 scrolls of teleportation
Potions
 e - 2 potions of mutation
 i - a potion of lignification
 k - 2 potions of curing {unknown}
 n - 2 potions of haste {unknown}


   Skills:
 + Level 2.6 Fighting
 + Level 3.1 Axes
 + Level 2.4 Dodging
 + Level 2.4 Spellcasting
 * Level 3.7 Conjurations
 + Level 1.0 Necromancy
 + Level 0.8 Translocations


You had 3 spell levels left.
You knew the following spells:

 Your Spells              Type           Power      Damage    Failure   Level
a - Kiss of Death         Conj/Necr      32%        2d7       9%          1
b - Momentum Strike       Conj/Tloc      16%        3d8       13%         2
c - Sting                 Tmut/Pois      4%         1d3       22%         1

Your spell library contained the following spells:

 Spells                   Type           Power      Damage    Failure   Level
 Hailstorm                Conj/Ice       7%         3d4       30%         3
 Poisonous Vapours        Pois/Air       2%         N/A       34%         2
 Olgreb's Toxic Radiance  Pois           1%         N/A       92%         4


Dungeon Overview and Level Annotations

Branches:
Dungeon (3/15)

Altars:

Annotations:
D:3 Jessica


Innate Abilities, Weirdness & Mutations

You are partially covered in yellow scales. (AC +2)


Message History

Found a stone staircase leading up.
There is an open door here.
There is a stone staircase leading up here.
A dart slug comes into view.
Found a stone staircase leading down.
There is a stone staircase leading down here.
Found a purple potion.
Jessica the Apprentice Sorceress comes into view.
She is wielding a +0 dagger of venom and carrying a wand of light (7).
Jessica shouts!
Jessica casts a spell.
Jessica blinks!
Jessica moves out of view.
n - 2 purple potions (gained 1) Jessica looks very angry.
Jessica zaps a wand.
The bolt of light hits you!!
You are confused.
Ouch! That really hurt!
You feel less confused.
Throw: 3 darts (poison)
Press: ? - help, Q - select action, (/) - cycle Shift-Dir - straight line, f - Jessica
Aim: Jessica, wielding a +0 dagger of venom, wearing a +0 robe and carrying a wand of light (6) (57% to hit)
You throw a poisoned dart.
The poisoned dart barely misses Jessica.
Jessica zaps a wand.
The bolt of light hits you!
You are confused.
* * * LOW HITPOINT WARNING * * *
Non-targeted confused throw: 2 darts (poison)
Press: ? - help, Q - select action, (/) - cycle Dir - look around, f - activate You throw a poisoned dart.
You feel less confused.
Jessica looks very angry.
Jessica closely misses you.
Casting: Kiss of Death (safe; 9% risk of failure)
Confirm with . or Enter, or press ? or * to list all spells.
Aiming: Kiss of Death (safe; 9% risk of failure)
Press: ? - help, Shift-Dir - straight line, f - Jessica
Aim: Jessica, wielding a +0 dagger of venom, wearing a +0 robe and carrying a wand of light (5) (100% to hit)
The negative energy hits Jessica.
Jessica is drained!
Jessica is severely wounded.
You feel drained.
Jessica zaps a wand.
The bolt of light hits you!
You die...

# #.######### #
#...(.....#.####.
#.....@.#.#......
##.####@.........
.................
###.####.###############
#..................
#.#.###############
#.#.# #.....# .
..########.....##
.....#......'..<....


You could see Jessica (very drained).

Vanquished Creatures
  Terence (D:2)
  2 gnolls (D:1)
  2 adders
  4 dart slugs (D:1)
  8 ball pythons
  4 endoplasms
  A giant cockroach (D:2)
  4 goblins
  5 hobgoblins
  3 kobolds
  3 quokkas
  6 bats
  5 frilled lizards
  A rat (D:2)
49 creatures vanquished.

Notes
Turn   | Place    | Note
-------+----------+-------------------------------------------
     0 | D:1      | booth the Demonspawn Reaver began the quest for the Orb.
     0 | D:1      | Reached XP level 1. HP: 16/16 MP: 3/3
   264 | D:1      | Gained mutation: You are partially covered in yellow
                  | scales. (AC +2) [demonic ancestry]
   264 | D:1      | Reached XP level 2. HP: 20/22 MP: 5/5
   497 | D:1      | Learned a level 2 spell: Momentum Strike
   499 | D:1      | Learned a level 1 spell: Sting
   577 | D:1      | Reached XP level 3. HP: 25/27 MP: 6/6
  1199 | D:2      | Noticed Terence
  1221 | D:2      | Killed Terence
  1222 | D:2      | Reached XP level 4. HP: 20/29 MP: 7/7
  1891 | D:3      | Found a faded altar of an unknown god.
  1949 | D:3      | Reached skill level 1 in Necromancy
  2017 | D:3      | Noticed Jessica
  2032 | D:3      | Killed from afar by Jessica

Illustrated notes

Levels and vault maps discovered:
D:1:      giann_horns, layout_basic, serial_curves, eino_curves_02,
          eino_curves_04, hangedman_decor_push
D:2:      layout_basic, uniq_terence
D:3:      layout_basic, nicolae_ecumenical_pavilion, uniq_natasha, uniq_jessica

Skill      XL: |  1  2  3  4 |
---------------+-------------+-----
Dodging        | 2 |  2.4
Axes           | 3 |  3.1
Necromancy     | 1 |  1.0
Fighting       | |  2.6
Spellcasting   | |  2.4
Conjurations   | |  3.7
Translocations | |  0.8

Action                     |  1- 3 |  4- 6 || total
---------------------------+-------+-------++-------
  Melee: Hand axe          |    27 |       ||    27
         Dagger            |    99 |    87 ||   186
  Throw: Dart              |     5 |     2 ||     7
   Cast: Kiss of Death     |     2 |     1 ||     3
    Use: Scroll            |     1 |     3 ||     4
 Armour: Leather armour    |    72 |     4 ||    76
         Robe              |       |    26 ||    26
  Dodge: Dodged            |    80 |    60 ||   140
